 Dungeon Crawl Stone Soup version 0.21-a0-417-g0adc95b (webtiles) character file.

55 Ijustatesigmund the Sneak (level 3, -2/24 HPs)
             Began as an Octopode Assassin on Nov 3, 2017.
             Slain by a gnoll
             ... wielding a +0 halberd
              (14 damage)
             ... on level 2 of the Dungeon.
             The game lasted 00:01:32 (1432 turns).

Ijustatesigmund the Sneak (Octopode Assassin)       Turns: 1432, Time: 00:01:33

Health: -2/24      AC:  1    Str: 10    XL:     3   Next: 93%
Magic:  3/3        EV:  8    Int: 13    God:
Gold:   70         SH: 14    Dex: 14    Spells: 2/2 levels left

rFire    . . .     SeeInvis .   a - +2 dagger
rCold    . . .     Gourm    .   g - +2 large shield
rNeg     . . .     Faith    .   (helmet restricted)
rPois    .         Spirit   .   (no amulet)
rElec    .         Reflect  .   (no ring)
rCorr    .         Harm     .   (no ring)
MR       .....                  (no ring)
Stlth    ++++......             (no ring)
HPRegen  0.08/turn              (no ring)
MPRegen  0.08/turn              (no ring)
                                (no ring)
                                (no ring)

@: no status effects
A: almost no armour, stealthy swim, amphibious, 8 rings, constrict 8, camouflage
1, gelatinous body 1
a: no special abilities


You were on level 2 of the Dungeon.
You were hungry.

You visited 1 branch of the dungeon, and saw 2 of its levels.

You collected 70 gold pieces.

Inventory:

Hand Weapons
 a - a +2 dagger (weapon)
 b - a +0 blowgun
Missiles
 c - 8 poisoned needles
 d - 2 curare-tipped needles
Armour
 g - a +2 large shield (worn)
Wands
 n - a wand of digging (15/24)
Scrolls
 h - a scroll of remove curse {unknown}
 l - a scroll of identify {unknown}
 m - a scroll of random uselessness {unknown}
Potions
 e - a potion of flight {unknown}
 i - a potion of curing
 j - a potion of lignification {unknown}
 k - a potion of heal wounds {unknown}
Comestibles
 f - 2 bread rations


   Skills:
 - Level 2.0 Fighting
 - Level 2.0 Short Blades
 - Level 2.0 Throwing
 - Level 1.3 Dodging
 - Level 5.5 Stealth
 + Level 3.0 Shields


You had 2 spell levels left.
You didn't know any spells.

Dungeon Overview and Level Annotations

Branches:
Dungeon (2/15)

Altars:


Innate Abilities, Weirdness & Mutations

You cannot wear most types of armour.
You are very stealthy in the water. (Stealth+)
You are amphibious.
You can wear up to eight rings at the same time.
You can use your tentacles to constrict eight enemies at once.
Your skin changes colour to match your surroundings (Stealth+).
Your rubbery body absorbs attacks. (AC +1, EV +1)


Message History

The gnoll hits you with a halberd!
You are too injured to fight recklessly!
You are too injured to fight recklessly!
You are too injured to fight recklessly!
You are too injured to fight recklessly!
You are too injured to fight recklessly!
You are too injured to fight recklessly!
You are too injured to fight recklessly!
You release your grip on the gnoll.
It was a potion of curing.
You feel better. You block the gnoll's attack.
You hit the gnoll. Your grab misses the gnoll. You squeeze the gnoll!
You kill the gnoll!
Your Shields skill increases to level 3!
Your shield prevents you from hitting the giant cockroach.
Your grab misses the giant cockroach.
Your squeeze misses the giant cockroach.
The giant cockroach bites you.
The gnoll hits you from afar with a halberd!
Ouch! That really hurt!
You die...

.. .[ #.# #.# #. #.###. #.#
#.# #. #..... ..# #.# #.
###....#############.#####.
.......#...................
......g..#g################
.......g.#g# .........#s#
###....###@# #.... #.#
#.... #.# ##.#. #.# #.#.
..# ###


You could see 2 gnolls and a giant cockroach.

Vanquished Creatures
  2 gnolls
  An ooze (D:1)
  A dart slug (D:1)
  2 leopard geckos
  2 giant cockroaches (D:1)
  4 goblins (D:2)
  4 hobgoblins (D:1)
  3 bats (D:1)
  7 frilled lizards
  A kobold (D:1)
  A rat (D:1)
28 creatures vanquished.

Notes
Turn   | Place    | Note
-------+----------+-------------------------------------------
     0 | D:1      | Ijustatesigmund the Octopode Assassin began the quest for the Orb.
     0 | D:1      | Reached XP level 1. HP: 14/14 MP: 1/1
   312 | D:1      | Reached XP level 2. HP: 19/19 MP: 2/2
   339 | D:1      | Reached skill level 1 in Shields
   696 | D:1      | Reached XP level 3. HP: 9/24 MP: 3/3
  1432 | D:2      | Slain by a gnoll

Vault maps used:
D:1:      lemuel_arrival_behind_the_door_large, hangedman_decor_growths

Skill      XL: |  1  2  3 |
---------------+----------+-----
Shields        | 2 3 |  3.0
Fighting       | |  2.0
Short Blades   | |  2.0
Throwing       | |  2.0
Dodging        | |  1.3
Stealth        | |  5.5

Action                   || total
-------------------------++-------
Melee: Dagger            ||    46
       Constrict         ||    10
       Tentacles         ||     6
  Use: Potion            ||     1
 Stab: Sleeping          ||    11
  Eat: Chunk             ||     1
Armor: Skin              ||     1
Dodge: Dodged            ||     8
Block: Large shield      ||    14

Table legend:
 A = Spawn XP
 B = Non-spawn XP
 C = Spawn XP percentage of total XP
 D = Spawn monster count
 E = Non-spawn monster count
 F = Spawn count percentage of total count
 G = Total turns spent on level
                    A         B        C        D         E        F      G
               +---------+---------+-------+---------+---------+-------+---------
         Total |       0 |      79 |   0.0 |       0 |      28 |   0.0 |  1432
               +---------+---------+-------+---------+---------+-------+---------
           D:1 |       0 |      51 |   0.0 |       0 |      19 |   0.0 |  1258
           D:2 |       0 |      28 |   0.0 |       0 |       9 |   0.0 |   174
               +---------+---------+-------+---------+---------+-------+---------
